 Dungeon Crawl Stone Soup version 0.31-a0-232-gb1c03b2570 (webtiles) character file.

Game seed: 13264745649304809713

44 qw the Shooter (level 3, -6/21 HPs)
             Began as a Gargoyle Hexslinger on July 7, 2023.
             Mangled by Terence
             ... wielding a +0 mace
              (9 damage)
             ... on level 2 of the Dungeon.
             The game lasted 00:00:28 (1184 turns).

qw the Shooter (Gargoyle Hexslinger)                Turns: 1184, Time: 00:00:29

Health: -6/21      AC:  8    Str: 11    XL:     3   Next: 62%
Magic:  4/4        EV: 10    Int: 13    God:
Gold:   46         SH:  0    Dex: 14    Spells: 3/4 levels left

rFire   . . .        Y - +1 sling
rCold   . . .        (no shield)
rNeg    + . .        i - +0 ring mail
rPois   inf          (no helmet)
rElec   +            (no cloak)
rCorr   .            (no gloves)
SInv    .            (no boots)
Will    .....        (no amulet)
Stlth   +            (no ring)
HPRegen 0.23/turn    (no ring)
MPRegen 0.09/turn

%: no passive effects
@: no status effects
A: sickness immunity, AC +3, negative energy resistance 1, electricity
resistance, torment resistance 1, petrification resistance
a: no special abilities


You were on level 2 of the Dungeon.
You visited 1 branch of the dungeon, and saw 2 of its levels.

You collected 46 gold pieces.


Innate Abilities, Weirdness & Mutations

You are immune to sickness and miasma.
Your stone body is resilient. (AC +3)
You are immune to poison.
You resist negative energy. (rN+)
You are resistant to electric shocks. (rElec)
You are resistant to unholy torment.
You are immune to petrification.


   Skills:
 - Level 2.0 Fighting
 + Level 3.5 Ranged Weapons
 - Level 1.5 Dodging
 - Level 1.0 Spellcasting
 - Level 2.6 Hexes


You had 3 spell levels left.
You knew the following spells:

 Your Spells              Type           Power      Damage    Failure   Level
a - Slow                  Hex            28%        N/A       22%         1

Your spell library contained the following spells:

 Spells                   Type           Power      Damage    Failure   Level
 Inner Flame              Hex/Fire       4%         N/A       75%         3
 Portal Projectile        Hex/Tloc       8%         N/A       75%         3
 Cause Fear               Hex            3%         N/A       92%         4

Inventory:

Hand Weapons
 Y - a +1 sling (weapon)
Armour
 i - a +0 ring mail (worn)
Jewellery
 b - a ring of ice
Scrolls
 a - a scroll of enchant weapon {unknown}
Potions
 d - a potion of curing {unknown}
 e - a potion of attraction {unknown}
 h - a potion of cancellation {unknown}
 j - a potion of heal wounds {unknown}

Dungeon Overview and Level Annotations

Branches:
Dungeon (2/15)

Altars:

Annotations:
D:2 Terence


Message History

The bat hits you but does no damage. The adder bites you.
The adder closely misses you.
You shoot a sling bullet.
The sling bullet barely misses the adder.
The bat barely misses you. The adder barely misses you. x2
You shoot a sling bullet.
The sling bullet closely misses the adder.
The bat closely misses you. The adder closely misses you.
Terence hits you with a +0 mace.
You shoot a sling bullet. The sling bullet misses the adder.
The bat hits you but does no damage. The adder bites you.
Terence hits you with a +0 mace. The adder barely misses you.
You shoot a sling bullet.
The sling bullet closely misses the adder.
The bat barely misses you. The bat hits you but does no damage.
The adder bites you but does no damage. Terence closely misses you.
The adder misses you. Terence hits you with a +0 mace.
The bat hits you but does no damage.
You shoot a sling bullet.
The sling bullet closely misses the adder.
The bat hits you but does no damage. The adder closely misses you.
Terence hits you with a +0 mace. The bat hits you but does no damage.
The adder bites you but does no damage.
You shoot a sling bullet.
The sling bullet closely misses the adder.
The bat hits you but does no damage. x2; The adder bites you but does no damage.
Terence hits you but does no damage. The bat hits you but does no damage.
Terence barely misses you. The adder bites you but does no damage.
You shoot a sling bullet.
The sling bullet completely misses the adder.
The bat hits you but does no damage. The adder closely misses you.
Terence hits you with a +0 mace. The bat closely misses you.
You shoot a sling bullet. The sling bullet hits the adder!
You kill the adder!
The bat hits you but does no damage. Terence misses you.
You shoot a sling bullet. The sling bullet hits Terence.
Terence is lightly wounded.
The bat barely misses you. The bat hits you. The bat barely misses you.
Terence hits you with a +0 mace!
You die...

#.##.# #.#. #.##.# #
#.#. #.##.# ##.
########.## #.# ....
........... #.# #...###
#############... #.#
#=..... ...............
#.#
##.[...###.########.....
#.# ......b..#.##
#....... #.#
#....@@...#####.#.....
#.#
#...%#.#.#.........[..
#.#
#....#.#.#.####.......
#.# #<.........#.#
#....... #.#
.........#.#.# #.......
#.# ...........#'#
#....... #.#
........#..... #.......
#.# ........ .....
#....... #.# ......
..... #.......


You could see Terence and a bat.

Vanquished Creatures
  An adder (D:2)
  A worm (D:2)
  2 dart slugs (D:1)
  4 ball pythons
  4 endoplasms (D:1)
  A giant cockroach (D:1)
  A goblin (D:2)
  2 hobgoblins (D:1)
  2 quokkas (D:1)
  3 bats (D:1)
  2 frilled lizards (D:1)
  2 kobolds
  5 rats (D:1)
30 creatures vanquished.

Notes
Turn   | Place    | Note
-------+----------+-------------------------------------------
     0 | D:1      | qw the Gargoyle Hexslinger began the quest for the Orb.
     0 | D:1      | Reached XP level 1. HP: 12/12 MP: 2/2
     0 | D:1      | 0 ||| qw: Version: 0.3-a-46-gb1f654a
     0 | D:1      | 0 ||| qw: Game counter: 2260
     0 | D:1      | 0 ||| qw: Melee chars always use a shield: true
     0 | D:1      | 0 ||| qw: God list: Okawaru
     0 | D:1      | 0 ||| qw: Allow faded altars: false
     0 | D:1      | 0 ||| qw: Do Orc after clearing Dungeon:15 true
     0 | D:1      | 0 ||| qw: Do second Lair branch before Depths: true
     0 | D:1      | 0 ||| qw: Lair rune preference: random
     0 | D:1      | 0 ||| qw: Goals: Normal
     0 | D:1      | 0 ||| PLANNING D:1-11
   194 | D:1      | Reached XP level 2. HP: 16/16 MP: 3/3
   379 | D:1      | Reached skill level 3 in Ranged Weapons
   487 | D:1      | Reached XP level 3. HP: 21/21 MP: 4/4
   867 | D:1      | 867 ||| UPGRADING to +0 leather armour.
   877 | D:1      | 877 ||| DROPPING +0 robe.
   878 | D:1      | 878 ||| UPGRADING to +0 ring mail.
   888 | D:1      | 888 ||| DROPPING +0 leather armour.
   889 | D:1      | 889 ||| READING scroll labelled WADOVU IDDEHURPH.
   890 | D:1      | 890 ||| DROPPING scroll of poison.
  1172 | D:2      | Noticed Terence
  1180 | D:2      | HP: 3/21 [Terence/+0 mace (5)]
  1184 | D:2      | Mangled by Terence

Levels and vault maps discovered:
D:1:      scummos_arrival_simple_fountains, layout_loops_corners,
          serial_bayou_pond_b
D:2:      layout_basic, uniq_terence

Skill      XL: |  1  2  3 |
---------------+----------+-----
Ranged Weapons | 3 |  3.5
Fighting       | 2 |  2.0
Dodging        | |  1.5
Spellcasting   | |  1.0
Hexes          | |  2.6

Action                     || total
---------------------------++-------
   Fire: Sling             ||   121
    Use: Scroll            ||     1
 Armour: Robe              ||    18
         Ring mail         ||    23
  Dodge: Dodged            ||    61

Table legend:
 A = Non-vault XP
 B = Vault XP
 C = Vault XP percentage of total XP
 D = Non-vault monster count
 E = Vault monster count
 F = Vault count percentage of total count
                 A         B        C        D         E       F
            +---------+---------+-------+---------+---------+-------
      Total |      61 |       3 |   4.7 |      28 |       2 |   6.7
            +---------+---------+-------+---------+---------+-------
        D:1 |      38 |       3 |   7.3 |      23 |       2 |   8.0
        D:2 |      23 |       0 |   0.0 |       5 |       0 |   0.0
            +---------+---------+-------+---------+---------+-------
